 Dungeon Crawl Stone Soup version 0.17.0-56-gd8de76c (console) character file.

101 Kloppie the Chiller (level 4, -10/33 HPs)
             Began as a Draconian Ice Elementalist on Dec 6, 2015.
             Killed by divine providence
             ... invoked by an orc priest
              (13 damage)
             ... on level 3 of the Dungeon.
             The game lasted 00:06:01 (2729 turns).

Kloppie the Chiller (Draconian Ice Elementalist)    Turns: 2729, Time: 00:06:01

Health: -10/33     AC: 10    Str: 11    XL:     4   Next: 48%
Magic:  1/8        EV: 12    Int: 16    God:
Gold:   155        SH:  5    Dex: 11    Spells: 3 memorised, 1 level left

rFire  . . .     SeeInvis .     g - +0 spear
rCold  . . .     Clarity  .     (armour unavailable)
rNeg   . . .     SustAt   .     (no shield)
rPois  .         Gourm    .     (helmet restricted)
rElec  .         Spirit   .     (no cloak)
rCorr  .         Warding  .     (no gloves)
rMut   .         Stasis   .     (no boots)
MR     .....                    (no amulet)
Stlth  ++........               (no ring)
                                (no ring)

@: icy armour, icy shield, not resistant to hostile enchantments, unstealthy
A: unfitting armour, cold-blooded, AC +5
a: no special abilities


You were on level 3 of the Dungeon.
You were hungry.

You visited 1 branch of the dungeon, and saw 3 of its levels.

You collected 155 gold pieces.

Inventory:

Hand Weapons
 c - a +0 club
 g - a +0 spear (weapon)
 h - a +1 mace of protection
Jewellery
 p - an uncursed amulet of resist corrosion {unknown}
Scrolls
 d - a scroll of enchant weapon {unknown}
 f - a scroll of teleportation {unknown}
 l - a scroll of fog {unknown}
 n - a scroll of fear {unknown}
 o - a scroll of identify {unknown}
Potions
 e - 4 potions of curing {unknown}
 i - a potion of brilliance {unknown}
 k - a potion of ambrosia {unknown}
 m - a potion of invisibility {unknown}
 q - a potion of cure mutation {unknown}
 r - 3 potions of might {unknown}
Books
 a - a book of Frost

   Spells                             Type                      Level
   a - Freeze                         Ice                          1
   b - Throw Frost                    Conjuration/Ice              2
   c - Ozocubu's Armour               Charms/Ice                   3
   d - Throw Icicle                   Conjuration/Ice              4
   e - Summon Ice Beast               Ice/Summoning                4
   f - Condensation Shield            Ice                          4
Comestibles
 b - a bread ration
 j - a royal jelly
 s - 5 chunks of flesh


   Skills:
 - Level 1.7 Dodging
 - Level 1.7 Stealth
 - Level 3.0 Spellcasting
   Level 1.0 Conjurations
 + Level 1.0 Charms
 + Level 4.3 Ice Magic


You had one spell level left.
You knew the following spells:

 Your Spells              Type           Power        Failure   Level  Hunger
a - Freeze                Ice            ###.         3%          1    #......
b - Ozocubu's Armour      Chrm/Ice       ##......     21%         3    ###....
c - Condensation Shield   Ice            ###.......   34%         4    #####..


Dungeon Overview and Level Annotations

Branches:
Dungeon (3/15)

Altars:
Gozag
Zin


Innate Abilities, Weirdness & Mutations

Your plain brown scales are hard (AC +5).
Your body does not fit into most forms of armour.
You are cold-blooded and may be slowed by cold attacks.


Message History

Casting: Condensation Shield
Confirm with . or Enter, or press ? or * to list all spells.
You can't see any susceptible monsters within range! (Use Z to cast anyway.)
Casting: Condensation Shield
Confirm with . or Enter, or press ? or * to list all spells.
Aiming: Freeze
Press: ? - help, Shift-Dir - straight line, f - orc priest, p - orc
Aim: an orc priest, wielding a flail and wearing a chain mail (lightly wounded)
You freeze the orc priest.
The orc priest is heavily wounded.
The orc priest hits you with a flail.
* * * LOW HITPOINT WARNING * * *
You hit the orc priest but do no damage.
The orc priest is heavily wounded.
You block the orc priest's attack.
Your icy shield starts to melt.
The orc priest looks braver for a moment.
The orc priest invokes the aid of Beogh against you.
Something smites you!
You die...

#.# #.# #.# #.#
#######+## #o#
.........# #o#
.........# #o#
.........# #.#
.........# #@#
.........# #.#
########'#####.#.#
...............#.#
#########.######รท#
#.# #.# #.######.#
#........#
##########


You could see an orc priest and 2 orcs.

Vanquished Creatures
  3 adders
  4 giant geckos
  2 orcs (D:3)
  A ball python (D:3)
  11 bats
  3 giant cockroaches
  10 hobgoblins
  3 jackals (D:3)
  8 kobolds
  A quokka (D:1)
  3 giant newts
  5 goblins
  9 rats
63 creatures vanquished.

Notes
Turn   | Place    | Note
--------------------------------------------------------------
     0 | D:1      | Kloppie the Draconian Ice Elementalist began the quest for the Orb.
     0 | D:1      | Reached XP level 1. HP: 14/14 MP: 3/3
   448 | D:1      | Reached XP level 2. HP: 18/20 MP: 0/5
  1293 | D:1      | Reached XP level 3. HP: 26/26 MP: 7/7
  1523 | D:2      | Learned a level 3 spell: Ozocubu's Armour
  1812 | D:2      | Reached skill level 4 in Ice Magic
  2093 | D:2      | Reached XP level 4. HP: 27/33 MP: 8/8
  2101 | D:2      | Learned a level 4 spell: Condensation Shield
  2421 | D:2      | Found a glowing silver altar of Zin.
  2422 | D:2      | Found an opulent altar of Gozag.
  2594 | D:3      | Reached skill level 1 in Charms
  2729 | D:3      | Killed from afar by an orc priest

Action                   |  1- 3 |  4- 6 || total
-------------------------+-------+-------++-------
Melee: Club              |    12 |       ||    12
       Spear             |   131 |    92 ||   223
 Cast: Freeze            |    22 |     5 ||    27
       Ozocubu's Armour  |       |     1 ||     1
       Condensation Shie |       |     1 ||     1
 Stab: Sleeping          |     4 |     1 ||     5
  Eat: Chunk             |     4 |     2 ||     6
